 Dungeon Crawl Stone Soup version 0.29.0-7-g18a832c13a (webtiles) character file.

Game seed: 9910272134946184045

4188 SensoryNuts the Cleaver (level 10, -4/86 HPs)
             Began as a Hill Orc Fighter on Aug 30, 2022.
             Was a Believer of Beogh.
             Slain by a yak (12 damage)
             ... on level 9 of the Dungeon.
             The game lasted 00:10:28 (7289 turns).

SensoryNuts the Cleaver (Hill Orc Fighter)          Turns: 7289, Time: 00:10:28

Health: -4/86      AC:  9    Str: 24    XL:     10   Next: 29%
Magic:  10/10      EV:  7    Int:  8    God:    Beogh [**....]
Gold:   428        SH: 13    Dex: 12    Spells: 9/9 levels left

rFire   + + .      SeeInvis .   a - +2 war axe (freeze)
rCold   + . .      Faith    .   q - +0 tower shield
rNeg    . . .      Spirit   .   d - +2 scale mail "Buci" {rF+}
rPois   +          Reflect  .   (no helmet)
rElec   .          Harm     .   y - scarf {rC+ rF+}
rCorr   .          Rampage  .   (no gloves)
Will    +....                   (no boots)
Stlth   +.........              k - amulet of regeneration
HPRegen 1.04/turn               u - ring of poison resistance
MPRegen 0.12/turn               (no ring)

@: mighty
A: thin skeletal structure 1, strong-willed 1
a: Renounce Religion, Smiting


You were on level 9 of the Dungeon.
You worshipped Beogh.
Beogh was pleased with you.
You visited 1 branch of the dungeon, and saw 9 of its levels.
You also visited: Sewer.

You collected 428 gold pieces.

Inventory:

Hand Weapons
 a - a +2 war axe of freezing (weapon)
Missiles
 C - a throwing net (quivered)
Armour
 d - the +2 scale mail "Buci" (worn) {rF+}
   (You found it on level 7 of the Dungeon)

   rF:        It protects you from fire.
 q - a +0 tower shield (worn)
 y - a scarf of resistance (worn)
Jewellery
 j - an amulet of faith
 k - an amulet of regeneration (around neck)
 p - a ring of see invisible
 u - a ring of poison resistance (left hand)
Wands
 c - a wand of digging (4)
 m - a wand of paralysis (21)
 r - a wand of flame (10)
 x - a wand of polymorph (10)
 B - a wand of roots (12)
Scrolls
 b - a scroll of butterflies
 e - 6 scrolls of teleportation
 l - a scroll of poison
 o - a scroll of blinking
 w - a scroll of identify
Potions
 f - a potion of lignification
 g - 3 potions of flight
 h - a potion of cancellation
 i - 3 potions of attraction
 n - a potion of curing
 t - a potion of resistance {unknown}
 v - a potion of mutation


   Skills:
 + Level 7.2 Fighting
 * Level 13.6 Axes
 + Level 7.1 Armour
 + Level 3.0 Dodging
 + Level 1.6 Stealth
 + Level 6.3 Shields


You had 9 spell levels left.
You didn't know any spells.
Your spell library contained the following spells:

 Spells                   Type           Power      Damage    Failure   Level
 Magic Dart               Conj           0%         1d3       100%        1
 Sandblast                Erth           0%         2d4       100%        1
 Call Imp                 Summ           0%         N/A       100%        2
 Passwall                 Tmut/Erth      0%         N/A       100%        2
 Dazzling Flash           Conj/Hex       0%         N/A       100%        3
 Inner Flame              Hex/Fire       0%         N/A       100%        3
 Mephitic Cloud           Conj/Pois/Air  0%         N/A       100%        3
 Stone Arrow              Conj/Erth      0%         3d7       100%        3
 Cause Fear               Hex            0%         N/A       100%        4
 Iskenderun's Mystic Bla  Conj/Tloc      0%         2d3       100%        4
 Petrify                  Tmut/Erth      0%         N/A       100%        4
 Metabolic Englaciation   Hex/Ice        0%         N/A       100%        5
 Starburst                Conj/Fire      0%         6d3       100%        6
 Statue Form              Tmut/Erth      0%         N/A       100%        6
 Discord                  Hex            0%         N/A       100%        8


Dungeon Overview and Level Annotations

Branches:
Dungeon (9/15)             Temple (0/1) D:5           Sewer (visited)
   Lair: D:8-11         Orc: D:9-12

Altars:
Dithmenos
Fedhas
Nemelex Xobeh
Ru
Wu Jian
Yredelemnul
The Shining One

Shops:
D:1 =   D:5 =:[=(   D:8 *

Annotations:
D:7 1 runed translucent door, Vadun's ghost, novice DsAr


Innate Abilities, Weirdness & Mutations

You have a somewhat thin skeletal structure. (Dex +2, Stealth+)
You are strong-willed. (Will+)


Message History

The yak gores you. The yak gores you!
You hit the yak. You freeze the yak.
The yak is heavily wounded.
You closely miss the yak. You slash the yak! You freeze the yak.
You closely miss the yak.
The yak gores you! x2; The yak closely misses you.
The yak gores you.
You barely miss the yak.
The yak is heavily wounded.
You hit the yak. You freeze the yak. You hit the yak but do no damage.
You slash the yak! You freeze the yak. You block the yak's attack. x2
The yak barely misses you. The yak gores you!
You are too injured to fight recklessly!
You are too injured to fight recklessly!
You are too injured to fight recklessly!
You are too injured to fight recklessly!
You are too injured to fight recklessly!
You are too injured to fight recklessly!
Unknown command.
You feel very mighty all of a sudden. The yak barely misses you.
You block the yak's attack. The yak barely misses you. x2
You slice the yak!! You freeze the yak.
You kill the yak!
Beogh accepts your kill.
You slash the yak! You freeze the yak. You slash the yak! You freeze the yak.
You slash the yak! You freeze the yak. The yak gores you!
You block the yak's attack. x2
Found a stone staircase leading down.
You block the yak's attack. The yak gores you! x2
* * * LOW HITPOINT WARNING * * *
You slash the yak! You freeze the yak.
The yak is almost dead.
You hit the yak. You freeze the yak.
You kill the yak!
Beogh accepts your kill.
You slash the yak! You freeze the yak. The yak gores you!
* * * LOW HITPOINT WARNING * * *
The yak closely misses you. You block the yak's attack. The yak gores you!
You die...

###.. .... #.#...
...### .....
.....## ....
......#
#..##.....##. ..
>...........
...####..........
....#..Y.†......#
.......Y@#...?...
.................
................
#....#.......)..
#...#...........
##..#....#......
## #..##.......
##.##.######
#...#.#


You could see 2 yaks.

Vanquished Creatures
  Joseph (D:7)
  Sigmund (D:6)
  3 yaks (D:9)
  A wyvern (D:7)
  Duvessa (D:4)
  2 water moccasins (D:7)
  An orc warrior (D:8)
  2 sky beasts
  An ogre (D:4)
  4 phantoms
  2 bullfrogs
  Blork the orc (D:5)
  3 scorpions
  A wyvern zombie (D:6)
  13 killer bees
  A jelly (D:8)
  6 howler monkeys
  A centaur zombie (D:6)
  2 bullfrog zombies (D:6)
  2 hounds
  A gnoll bouda (D:5)
  3 orc priests
  An iguana (D:7)
  3 scorpion zombies (D:4)
  4 orc wizards
  A hell rat (Sewer)
  3 killer bee zombies (D:6)
  2 hound zombies (D:4)
  9 gnolls
  5 adders
  3 river rats (Sewer)
  2 shadow imps (D:7)
  An adder zombie (D:4)
  4 worms
  3 dart slugs
  19 orcs
  2 endoplasms
  3 giant cockroaches
  4 goblins
  6 hobgoblins
  5 jackals
  2 quokkas
  13 ball pythons
  6 bats
  A frilled lizard (D:1)
  7 kobolds
  10 rats
172 creatures vanquished.

Vanquished Creatures (others)
  Dowan (D:4)
  An orc priest (D:4)
  An orc wizard (D:4)
  A kobold (D:4)
  A goblin (D:4)
  6 withered plants
11 creatures vanquished.

Grand Total: 183 creatures vanquished

Notes
Turn   | Place    | Note
-------+----------+-------------------------------------------
     0 | D:1      | SensoryNuts the Hill Orc Fighter began the quest for the
                  | Orb.
     0 | D:1      | Reached XP level 1. HP: 19/19 MP: 1/1
   541 | D:1      | Reached XP level 2. HP: 27/27 MP: 2/2
   719 | D:1      | Reached skill level 3 in Axes
   922 | D:1      | Found a faded altar of an unknown god.
   984 | D:1      | Reached XP level 3. HP: 33/33 MP: 3/3
  1073 | D:1      | Found Suetrufe's Jewellery Shop.
  1425 | D:2      | Identified the +3 leather armour of Rel Fuga {-Tele Dex+7}
  1759 | D:2      | Reached skill level 4 in Axes
  1819 | D:2      | Reached XP level 4. HP: 40/40 MP: 4/4
  2154 | D:3      | Reached skill level 5 in Axes
  2176 | D:3      | Found a blossoming altar of Fedhas.
  2383 | D:3      | Reached XP level 5. HP: 46/46 MP: 5/5
  2590 | D:4      | Found a glowing drain.
  2606 | Sewer    | Entered a sewer
  2648 | Sewer    | Reached XP level 6. HP: 39/53 MP: 6/6
  2691 | Sewer    | Reached skill level 1 in Dodging
  2736 | D:4      | Reached skill level 6 in Axes
  2782 | D:4      | Noticed Dowan
  2783 | D:4      | Became a worshipper of Beogh the Brigand
  2784 | D:4      | Noticed Duvessa
  2792 | D:4      | Killed Duvessa
  2792 | D:4      | Killed Dowan
  2793 | D:4      | Reached skill level 7 in Axes
  2793 | D:4      | Reached XP level 7. HP: 57/60 MP: 7/7
  2818 | D:4      | Found a large runed translucent door.
  2822 | D:4      | Found a large runed translucent door.
  2884 | D:4      | Reached skill level 5 in Fighting
  3090 | D:4      | Reached skill level 8 in Axes
  3265 | D:4      | Found an ornate altar of the Wu Jian Council.
  3273 | D:4      | Found a sparkling altar of Nemelex Xobeh.
  3276 | D:4      | Reached skill level 9 in Axes
  3364 | D:5      | Entered Level 5 of the Dungeon
  3370 | D:5      | Reached XP level 8. HP: 68/68 MP: 8/8
  3374 | D:5      | Reached * piety under Beogh
  3834 | D:5      | Found Howap's Jewellery Emporium.
  3859 | D:5      | Found Fagaophe's Book Boutique.
  3885 | D:5      | Found Soibunn's Antique Armour Emporium.
  3904 | D:5      | Found Vyonu's Weapon Boutique.
  3995 | D:5      | Found Wiafagg's Jewellery Shoppe.
  3998 | D:5      | Noticed Blork the orc
  4005 | D:5      | Killed Blork the orc
  4068 | D:5      | Reached skill level 10 in Axes
  4171 | D:5      | Found a staircase to the Ecumenical Temple.
  4391 | D:6      | Reached skill level 5 in Armour
  4647 | D:6      | Reached skill level 11 in Axes
  4689 | D:6      | Found a basalt altar of Yredelemnul.
  4779 | D:6      | Found a shadowy altar of Dithmenos.
  4829 | D:6      | Noticed Sigmund
  4839 | D:6      | Killed Sigmund
  4840 | D:6      | Reached XP level 9. HP: 75/75 MP: 9/9
  4967 | D:6      | Gained mutation: You are strong-willed. (Will+) [potion of
                  | mutation]
  4967 | D:6      | Gained mutation: You have a somewhat thin skeletal
                  | structure. (Dex +2, Stealth+) [potion of mutation]
  4992 | D:7      | Reached ** piety under Beogh
  5042 | D:7      | Reached skill level 12 in Axes
  5065 | D:7      | Noticed Joseph
  5216 | D:7      | Reached skill level 5 in Shields
  5245 | D:7      | Killed Joseph
  5420 | D:7      | Found a sacrificial altar of Ru.
  5589 | D:7      | Found a runed translucent door.
  5590 | D:7      | Noticed Vadun's ghost (novice DsAr)
  5712 | D:7      | Identified the +2 scale mail "Buci" {rF+}
  5731 | D:7      | Reached skill level 1 in Stealth
  5908 | D:7      | Found a glowing golden altar of the Shining One.
  6027 | D:7      | Reached skill level 13 in Axes
  6257 | D:8      | Reached XP level 10. HP: 72/84 MP: 10/10
  6349 | D:8      | Identified the +7 trident "Xucwuehu" {elec, Will+ rCorr}
  6547 | D:8      | Identified the +1 robe of Wu Jian's Castigation {rC+}
  6840 | D:8      | Found Kupuleor's Demolitions Depot.
  7289 | D:9      | Slain by a yak

Illustrated notes

Levels and vault maps discovered:
D:1:      dpeg_arrival_line_fractal, layout_basic,
          shapermc_ecumenical_altar_petra, serial_shops, shop
D:2:      layout_loops_ring
D:3:      layout_basic, mainiacjoe_overflow_surrounded_room
D:4:      layout_rooms, jmf_multi_god_temple2, serial_undead, serial_undead_f,
          serial_undead_e, serial_undead_b, serial_undead_f, serial_undead_e,
          serial_undead_c, cheibrodos_sewer_entry_drain, uniq_duvessa
D:5:      layout_loops_cross, minmay_temple_entry_fiery, serial_shops,
          shop_statue, shop_fountains, kennysheep_mini_moat,
          nicolae_diamond_shop, shop, grunt_ministairs_3,
          eino_small_chamber_without_monster, uniq_blork_the_orc
D:6:      layout_gridville, grunt_dithmenos_smoke,
          nicolae_yredelemnul_corpse_copse, uniq_sigmund
D:7:      layout_loops_corners, general_overflow_altar,
          nicolae_ru_the_path_less_chosen, gammafunk_ghost_grave, uniq_joseph
D:8:      layout_loops_corners, nicolae_blasting_shop
D:9:      layout_cave_pools, minivault_5

Skill      XL: |  1  2  3  4  5  6  7  8  9 10 |
---------------+-------------------------------+-----
Axes           | 3 4 5 7 9 11 13 | 13.6
Armour         | 4 5 6 7 |  7.1
Fighting       | 4 5 6 7 |  7.2
Dodging        | 1 2 3 |  3.0
Shields        | 4 5 6 |  6.3
Stealth        | 1 |  1.6

Action                   |  1- 3 |  4- 6 |  7- 9 | 10-12 || total
-------------------------+-------+-------+-------+-------++-------
Melee: War axe           |   106 |    94 |   319 |    52 ||   571
Invok: Convert to Beogh  |       |     1 |       |       ||     1
  Use: Scroll            |     6 |     4 |    14 |     2 ||    26
       Potion            |       |     1 |     8 |     2 ||    11
 Stab: Paralysed         |       |       |     3 |     2 ||     5
Armor: Scale mail        |    62 |    24 |   100 |    15 ||   201
Dodge: Dodged            |    46 |    46 |   116 |    15 ||   223
Block: Buckler           |    26 |    22 |    28 |       ||    76
       Tower shield      |       |       |   158 |    33 ||   191
